 Dungeon Crawl Stone Soup version 0.30-a0-840-ga523dec638 (webtiles) character file.

Game seed: 767183669177634642

590 bande the Covered (level 7, -2/44 HPs)
             Began as a Gargoyle Fighter on Mar 1, 2023.
             Slain by an ogre
             ... wielding a +0 giant club
              (26 damage)
             ... on level 4 of the Dungeon.
             The game lasted 00:06:42 (3611 turns).

bande the Covered (Gargoyle Fighter)                Turns: 3611, Time: 00:06:43

Health: -2/44      AC: 15    Str: 19    XL:     7   Next: 38%
Magic:  7/7        EV:  9    Int:  9    God:
Gold:   269        SH:  5    Dex: 11    Spells: 6/6 levels left

rFire   . . .      SeeInvis .    a - +1 war axe
rCold   . . .      Faith    .    c - +0 buckler
rNeg    + . .      Spirit   .    b - +0 scale mail
rPois   ∞          Reflect  .    n - +0 helmet
rElec   +          Harm     .    k - +0 cloak
rCorr   .          Rampage  .    j - +0 pair of gloves
Will    .....                    (no boots) Stlth
                                 (no amulet)
HPRegen 0.27/turn                (no ring)
MPRegen 0.10/turn                (no ring)

@: no status effects
A: sickness immunity, AC +4, negative energy resistance 1, electricity
resistance, torment resistance 1, petrification resistance
a: no special abilities


You were on level 4 of the Dungeon.
You visited 2 branches of the dungeon, and saw 5 of its levels.

You collected 269 gold pieces.

Inventory:

Hand Weapons
 a - a +1 war axe (weapon)
 m - a +0 war axe
 p - a +0 flail
Armour
 b - a +0 scale mail (worn)
 c - a +0 buckler (worn)
 j - a +0 pair of gloves (worn)
 k - a +0 cloak (worn)
 n - a +0 helmet (worn)
Wands
 e - a wand of digging (2)
Scrolls
 f - a scroll of magic mapping
 g - 3 scrolls of identify
 o - a scroll of fear {unknown}
Potions
 d - 2 potions of ambrosia
 h - 4 potions of flight
 i - a potion of cancellation
 l - 3 potions of curing


   Skills:
 + Level 4.7 Fighting
 + Level 4.7 Axes
 + Level 5.1 Armour
 - Level 0.4 Stealth
 + Level 4.7 Shields
 * Level 0.9 Evocations


You had 6 spell levels left.
You didn't know any spells.
Your spell library contained the following spells:

 Spells                   Type           Power      Damage    Failure   Level
 Poisonous Vapours        Pois/Air       0%         N/A       92%         2
 Frozen Ramparts          Ice            0%         1d1       99%         3
 Kindle Blastsparks       Fire/Tloc/Air  0%         2d10      99%         3
 Mephitic Cloud           Conj/Pois/Air  0%         N/A       99%         3
 Freezing Cloud           Conj/Ice/Air   0%         6-21      100%        5
 Cigotuvi's Dreadful Rot  Necr/Pois/Air  Unusable   N/A       N/A         2

Dungeon Overview and Level Annotations

Branches:
Dungeon (4/15)             Temple (1/1) D:4

Altars:
Ashenzari
Dithmenos
Elyvilon
Gozag
Hepliaklqana
Kikubaaqudgha
Makhleb
Nemelex Xobeh
Qazlal
Uskayaw
Wu Jian
The Shining One

Shops:
D:1 :[**


Innate Abilities, Weirdness & Mutations

You are immune to sickness and miasma.
Your stone body is resilient. (AC +4)
You are immune to poison.
You resist negative energy. (rN+)
You are resistant to electric shocks. (rElec)
You are resistant to unholy torment.
You are immune to petrification.


Message History

A scorpion is nearby!
You slash the scorpion!
The scorpion is heavily wounded.
The scorpion stings you but does no damage.
You closely miss the scorpion.
The scorpion is heavily wounded.
The scorpion stings you but does no damage. x2
You closely miss the scorpion.
The scorpion is heavily wounded.
The scorpion barely misses you. The scorpion closely misses you.
You closely miss the scorpion.
The scorpion is heavily wounded.
The scorpion stings you.
You slash the scorpion!
You kill the scorpion!
No target in view!
No target in view!
No target in view!
No target in view!
No target in view!
You now have 269 gold pieces (gained 4).
An ogre comes into view. It is wielding a +0 giant club.
An ogre is nearby!
The ogre closely misses you.
You slash the ogre!
The ogre is heavily wounded.
The ogre barely misses you.
You hit the ogre.
The ogre is heavily wounded.
The ogre barely misses you.
You hit the ogre.
The ogre is severely wounded.
You hit the ogre.
The ogre is almost dead.
The ogre hits you with a +0 giant club!!
You hit the ogre.
The ogre is almost dead.
The ogre hits you with a +0 giant club!!
Ouch! That really hurt!
You die...

##########...####..............#
###....# #..............#
##...##.# #..............#
##..####.# #..............#
###..## #.####..............#
##...## #....##............##
##..### ####.###..........##
...## . #.O############# ####
.(. #@# # #.... #.# ####.....>
#.# ...)...... #.### ..##......
##...# .........# #....##
###..###.# #.....# ..##.#
#.######...#.#
#.#..###........###.##


You could see an ogre.

Vanquished Creatures
  Sigmund (D:2)
  A necrophage (D:4)
  A scorpion (D:4)
  2 orc priests
  An iguana (D:4)
  Terence (D:2)
  Ijyb (D:3)
  An orc wizard (D:3)
  Robin (D:2)
  An adder (D:4)
  2 worms
  2 dart slugs
  13 orcs
  5 ball pythons
  5 endoplasms
  9 giant cockroaches
  19 goblins
  6 hobgoblins
  6 jackals (D:2)
  3 quokkas
  8 bats
  4 frilled lizards
  6 kobolds
  5 rats
104 creatures vanquished.

Vanquished Creatures (others)
  2 fungi (D:1)
2 creatures vanquished.

Grand Total: 106 creatures vanquished

Notes
Turn   | Place    | Note
-------+----------+-------------------------------------------
     0 | D:1      | bande the Gargoyle Fighter began the quest for the Orb.
     0 | D:1      | Reached XP level 1. HP: 14/14 MP: 1/1
   184 | D:1      | Found Pepak's General Store.
   197 | D:1      | Reached XP level 2. HP: 19/19 MP: 2/2
   204 | D:1      | Upgraded the game from 0.30-a0-830-gfe289a77b0 to
                  | 0.30-a0-840-ga523dec638
   216 | D:1      | Found Naetil's Book Shoppe.
   291 | D:1      | Found Beinaf's Antique Armour Emporium.
   313 | D:1      | Found Zixoibb's Assorted Antiques.
   460 | D:1      | Found a faded altar of an unknown god.
   923 | D:2      | Noticed Sigmund
   928 | D:2      | Killed Sigmund
   929 | D:2      | Reached skill level 4 in Armour
   929 | D:2      | Reached XP level 3. HP: 24/24 MP: 3/3
   929 | D:2      | Reached XP level 4. HP: 29/29 MP: 4/4
   929 | D:2      | Reached XP level 5. HP: 33/33 MP: 5/5
   996 | D:2      | Noticed Terence
  1009 | D:2      | Killed Terence
  1115 | D:2      | Reached XP level 6. HP: 33/38 MP: 6/6
  1246 | D:2      | Noticed Robin
  1267 | D:2      | Killed Robin
  1790 | D:3      | Noticed Ijyb
  1809 | D:3      | Killed Ijyb
  2296 | D:3      | Found an ancient bone altar of Kikubaaqudgha.
  2782 | D:3      | Found a white marble altar of Elyvilon.
  2884 | D:3      | Got the Compilation of Frigid Lava
  3104 | D:4      | Reached XP level 7. HP: 40/44 MP: 7/7
  3116 | D:4      | Reached skill level 5 in Armour
  3200 | D:4      | Found a staircase to the Ecumenical Temple.
  3233 | Temple   | Entered the Ecumenical Temple
  3611 | D:4      | Slain by an ogre

Illustrated notes

Levels and vault maps discovered:
D:1:      onia_arrival_mini_maze_b, layout_basic,
          shapermc_ecumenical_altar_mp_highgroup, serial_shops,
          nicolae_shop_crystal, nicolae_shop_trees, shop, shop,
          dreamdust_mushroom_princess
D:2:      layout_basic, uniq_terence, uniq_robin, uniq_sigmund
D:3:      layout_loops_corners, mainiacjoe_overflow_alcove_1, elyvilon_altar_4,
          minivault_19, uniq_ijyb
D:4:      layout_rooms, minmay_temple_entry_mist
Temple:   nicolae_temple_bog_church

Skill      XL: |  1  2  3  4  5  6  7 |
---------------+----------------------+-----
Fighting       | 4 |  4.7
Axes           | 3 4 |  4.7
Armour         | 4 5 |  5.1
Shields        | 4 |  4.7
Stealth        | |  0.4
Evocations     | |  0.9

Action                     |  1- 3 |  4- 6 |  7- 9 || total
---------------------------+-------+-------+-------++-------
  Melee: War axe           |    52 |   218 |    48 ||   318
    Use: Potion            |     1 |       |       ||     1
         Scroll            |       |    12 |       ||    12
 Armour: Scale mail        |    37 |   155 |    21 ||   213
  Dodge: Dodged            |    18 |   105 |    24 ||   147
  Block: Buckler           |    11 |    51 |    10 ||    72

Table legend: (Time is in decaauts)
 A = Elapsed time spent in this place.
 B = Non-inter-level travel time spent in this place.
 C = Inter-level travel time spent in this place.
 D = Time resting spent in this place.
 E = Time spent auto-exploring this place.
 F = Levels seen in this place.
 G = Mean time per level.
                   A        B        C        D        E       F      G
               +--------+--------+--------+--------+--------+-----+--------+
         Total |   3741 |   3617 |    124 |    277 |   2493 |   5 |  748.2 |
       Dungeon |   3563 |   3459 |    104 |    277 |   2345 |   4 |  890.8 |
        Temple |    177 |    157 |     20 |      0 |    148 |   1 |  177.0 |
               +--------+--------+--------+--------+--------+-----+--------+

Top non-repeatable levels by time:
     D:3: 1315 daAuts
     D:1: 945 daAuts
     D:2: 894 daAuts
     D:4: 408 daAuts
  Temple: 177 daAuts
